 Dungeon Crawl Stone Soup version 0.22.0-38-g04b72b8 (webtiles) character file.

744 Marcoleric the Quickloader (level 8, -2/48 HPs)
             Began as a Kobold Hunter on Aug 27, 2018.
             Was a Believer of Qazlal.
             Killed by divine providence
             ... invoked by an orc priest
              (13 damage)
             ... on level 4 of the Dungeon.
             The game lasted 00:17:05 (2221 turns).

Marcoleric the Quickloader (Kobold Hunter)          Turns: 2221, Time: 00:17:05

Health: -2/48      AC:  5    Str:  9    XL:     8   Next: 5%
Magic:  8/8        EV: 15    Int: 12    God:    Qazlal [**....]
Gold:   123        SH:  2    Dex: 18    Spells: 7/7 levels left

rFire    + . .     SeeInvis .   b - +0 short sword
rCold    . . .     Gourm    .   (shield restricted)
rNeg     . . .     Faith    .   c - +2 leather armour
rPois    .         Spirit   .   (helmet restricted)
rElec    .         Reflect  .   (no cloak)
rCorr    .         Harm     .   (no gloves)
MR       .....                  (no boots)
Stlth    ++........             e - amulet of regeneration
HPRegen  0.56/turn              (no ring)
MPRegen  0.11/turn              (no ring)

@: no status effects
A: small, antennae 1, carnivore, fire resistance 1
a: Upheaval, Renounce Religion


You were on level 4 of the Dungeon.
You worshipped Qazlal.
Qazlal was pleased with you.
You were not hungry.

You visited 1 branch of the dungeon, and saw 4 of its levels.

You collected 123 gold pieces.

Inventory:

Hand Weapons
 a - a +3 hand crossbow
 b - a +0 short sword (weapon)
 k - a +0 whip of freezing
Missiles
 d - 4 bolts
Armour
 c - a +2 leather armour (worn)
Jewellery
 e - an amulet of regeneration (around neck)
 n - a cursed ring of teleportation
Wands
 j - a wand of polymorph (18)
Scrolls
 h - 2 scrolls of noise
 o - a scroll of remove curse
Potions
 g - a potion of degeneration
 i - a potion of magic
Comestibles
 f - 4 rations


   Skills:
 + Level 4.4 Fighting
 + Level 0.3 Short Blades
 + Level 9.2 Crossbows
 + Level 1.9 Armour
 + Level 3.3 Dodging
 + Level 2.4 Stealth


You had 7 spell levels left.
You didn't know any spells.
Your spell library was empty.

Dungeon Overview and Level Annotations

Branches:
Dungeon (4/15)
 Temple: D:4-7

Altars:
Ashenzari
Fedhas
Gozag
Hepliaklqana
Nemelex Xobeh
Qazlal
Trog
Yredelemnul
Zin


Innate Abilities, Weirdness & Mutations

You are small and have problems with some larger weapons.
You are carnivorous and can eat meat at any time.
You have a pair of small antennae on your head.
Your flesh is heat resistant. (rF+)


Message History

The orc priest miscasts a cantrip.
The quokka misses you.
The orc wizard casts a spell.
The orc wizard seems to speed up.
You hit the quokka.
The quokka is heavily wounded.
The orc wizard points at you and mumbles some strange words.
The magic dart hits you! The quokka barely misses you.
You closely miss the quokka.
The quokka is heavily wounded.
The quokka misses you.
The orc priest invokes the aid of Beogh against you.
Beogh smites you!
* * * LOW HITPOINT WARNING * * *
The quokka bites you but does no damage.
An orc comes into view.
The quokka barely misses you.
The orc priest mumbles some strange prayers to Beogh against you.
Beogh smites you!
You die...

..............(..............
.##.####........(............
.##.####......[..............
................)....(.......
...........).................
.##..................(o......
.#######............((.......
.# #.........r......o.... .#
#........@.o.....$.... ..
...#..##..##..###.†##.# .#
#.....####.##.## .## # ..
#.....# #..... .. ........
..>..## ### ##.....# ####.#
#.# .#


You could see an orc priest, an orc wizard and a quokka.

Vanquished Creatures
  Pikel (D:4)
  A slave (D:4)
  Blork the orc (D:4)
  A crimson imp (D:3)
  A hound (D:4)
  A centaur skeleton (D:4)
  An orc wizard (D:3)
  A worker ant (D:4)
  3 adders (D:3)
  An ooze (D:2)
  An adder skeleton (D:4)
  5 worms
  2 dart slugs
  3 leopard geckos
  3 orcs (D:3)
  4 giant cockroaches
  5 goblins
  3 hobgoblins
  8 jackals
  A quokka (D:2)
  5 bats
  7 frilled lizards
  6 kobolds
  6 rats
71 creatures vanquished.

Vanquished Creatures (others)
  A hound (D:4)
  3 jackals (D:4)
4 creatures vanquished.

Grand Total: 75 creatures vanquished

Notes
Turn   | Place    | Note
-------+----------+-------------------------------------------
     0 | D:1      | Marcoleric the Kobold Hunter began the quest for the Orb.
     0 | D:1      | Reached XP level 1. HP: 12/12 MP: 1/1
   201 | D:1      | Reached skill level 5 in Crossbows
   251 | D:1      | Reached XP level 2. HP: 18/18 MP: 2/2
   695 | D:1      | Reached XP level 3. HP: 18/22 MP: 3/3
  1158 | D:2      | Reached skill level 6 in Crossbows
  1158 | D:2      | Reached XP level 4. HP: 27/27 MP: 4/4
  1274 | D:2      | Found a basalt altar of Yredelemnul.
  1274 | D:2      | Found a sparkling altar of Nemelex Xobeh.
  1293 | D:2      | Found a bloodstained altar of Trog.
  1296 | D:2      | Found a faded altar of an unknown god.
  1298 | D:2      | Found a blossoming altar of Fedhas.
  1338 | D:2      | Became a worshipper of Qazlal Stormbringer
  1338 | D:2      | Reached * piety under Qazlal
  1501 | D:3      | Reached skill level 1 in Armour
  1537 | D:3      | Reached XP level 5. HP: 25/32 MP: 5/5
  1650 | D:3      | Found a hazy altar of Hepliaklqana.
  1790 | D:3      | Gained mutation: Your flesh is heat resistant. (rF+) [potion of mutation]
  1790 | D:3      | Gained mutation: You have a pair of small antennae on your head. [potion of mutation]
  1875 | D:3      | Reached ** piety under Qazlal
  1972 | D:4      | Noticed a slave
  1978 | D:4      | Killed a slave
  1986 | D:4      | Noticed Pikel
  1986 | D:4      | Noticed a slave
  1986 | D:4      | Noticed a slave
  1987 | D:4      | Noticed a slave
  1999 | D:4      | Killed Pikel
  1999 | D:4      | Reached skill level 8 in Crossbows
  1999 | D:4      | Reached XP level 6. HP: 17/38 MP: 6/6
  1999 | D:4      | Reached XP level 7. HP: 20/43 MP: 7/7
  2059 | D:4      | Found a shattered altar of Ashenzari.
  2113 | D:4      | Found a glowing silver altar of Zin.
  2113 | D:4      | Found an opulent altar of Gozag.
  2159 | D:4      | Noticed Blork the orc
  2171 | D:4      | Killed Blork the orc
  2171 | D:4      | Reached skill level 9 in Crossbows
  2188 | D:4      | Reached XP level 8. HP: 33/48 MP: 8/8
  2221 | D:4      | Killed from afar by an orc priest

Skill      XL: |  1  2  3  4  5  6  7 |
---------------+----------------------+-----
Crossbows      | 5 6 8 9 |  9.2
Armour         | 1 |  1.9
Fighting       | 4 |  4.4
Stealth        | 2 |  2.4
Dodging        | 3 |  3.3
Short Blades   | |  0.3

Action                   |  1- 3 |  4- 6 |  7- 9 || total
-------------------------+-------+-------+-------++-------
Melee: Short sword       |     1 |       |    11 ||    12
       Whip              |       |       |    14 ||    14
 Fire: Hand crossbow     |    83 |    88 |    16 ||   187
  Use: Scroll            |     8 |     4 |     2 ||    14
       Potion            |       |     3 |       ||     3
  Eat: Ration            |       |     2 |       ||     2
Armor: Leather armour    |     8 |     5 |    13 ||    26
Dodge: Dodged            |    29 |    22 |    30 ||    81
Block: Other             |       |     2 |     3 ||     5
